 Dungeon Crawl Stone Soup version 0.30-a0-540-g0af01429fa (webtiles) character file.

Game seed: 6148183317304889719

2 Jase the Vexing (level 1, -1/15 HPs)
             Began as a Formicid Hexslinger on Dec 26, 2022.
             Slain by a hobgoblin (5 damage)
             ... on level 1 of the Dungeon.
             The game lasted 00:00:26 (48 turns).

Jase the Vexing (Formicid Hexslinger)                 Turns: 48, Time: 00:00:27

Health: -1/15      AC:  2    Str: 14    XL:     1   Next: 44%
Magic:  2/2        EV: 12    Int: 12    God:
Gold:   0          SH:  0    Dex: 14    Spells: 1/2 levels left

rFire   . . .      SeeInvis +    a - +1 sling
rCold   . . .      Faith    .    (no shield)
rNeg    . . .      Spirit   .    c - +0 robe
rPois   .          Reflect  .    (helmet unavailable)
rElec   .          Harm     .    (no cloak)
rCorr   .          Rampage  .    (no gloves)
Will    .....                    (no boots)
Stlth   +                        (no amulet)
HPRegen 0.22/turn                (no ring)
MPRegen 0.08/turn                (no ring)

@: no status effects
A: permanent stasis, dig shafts and tunnels, antennae 3, four strong arms
a: Dig, Shaft Self


You were on level 1 of the Dungeon.
You visited 1 branch of the dungeon, and saw 1 of its levels.

Inventory:

Hand Weapons
 a - a +1 sling (weapon)
Armour
 c - a +0 robe (worn)
Scrolls
 b - a scroll of poison
 d - a scroll of enchant weapon {unknown}
 e - a scroll of identify {unknown}


   Skills:
 - Level 1.1 Fighting
 + Level 2.0 Ranged Weapons
 + Level 1.8 Dodging
 - Level 1.1 Spellcasting
 + Level 3.7 Hexes


You had one spell level left.
You knew the following spells:

 Your Spells              Type           Power      Damage    Failure   Level
a - Slow                  Hex            36%        N/A       6%          1

Your spell library contained the following spells:

 Spells                   Type           Power      Damage    Failure   Level
 Inner Flame              Hex/Fire       5%         N/A       38%         3
 Portal Projectile        Hex/Tloc       10%        N/A       38%         3
 Cause Fear               Hex            4%         N/A       54%         4


Dungeon Overview and Level Annotations

Branches:
Dungeon (1/15)

Altars:


Innate Abilities, Weirdness & Mutations

You cannot be hasted, slowed, berserked, paralysed or teleported.
You can dig through walls and to a lower floor.
You have a pair of large antennae on your head. (SInv)
Your four strong arms can wield two-handed weapons with a shield.


Message History

The ball python constricts you.
Okay, then.
You shoot a sling bullet.
The sling bullet barely misses the ball python.
The ball python bites you. The ball python constricts you.
You shoot a sling bullet.
The sling bullet barely misses the ball python.
The ball python bites you. The ball python constricts you.
* * * LOW HITPOINT WARNING * * *
The ball python bites you but does no damage.
The ball python constricts you.
* * * LOW HITPOINT WARNING * * *
You are too injured to fight recklessly!
You are too injured to fight recklessly!
You are too injured to fight recklessly!
You are too injured to fight recklessly!
You are too injured to fight recklessly!
You are too injured to fight recklessly!
You are too injured to fight recklessly!
You are too injured to fight recklessly!
Fire: a) +1 sling
Press: ? - help, Q - select action, (/) - cycle Shift-Dir - straight line, f/p - ball python
Aim: a ball python (constricting you, 53% to hit)
You shoot a sling bullet. The sling bullet hits the ball python.
You kill the ball python!
Fire: a) +1 sling
Press: ? - help, Q - select action, (/) - cycle Shift-Dir - straight line, f - hobgoblin
Aim: a hobgoblin (severely wounded, 57% to hit)
You shoot a sling bullet.
The sling bullet closely misses the hobgoblin.
The hobgoblin barely misses you.
Fire: a) +1 sling
Press: ? - help, Q - select action, (/) - cycle Shift-Dir - straight line, f/p - hobgoblin
Aim: a hobgoblin (severely wounded, 57% to hit)
You shoot a sling bullet.
The sling bullet hits the hobgoblin but does no damage.
The hobgoblin is severely wounded.
The hobgoblin hits you but does no damage.
The hobgoblin hits you.
You die...

###### .## ##.g..#####
... #..#@.#...## ..
##g##.......##
.####.#..##...∩.♣§~##
........###......§§~##
..###?###
#.....§§§§§##### ...
#......§§§§~≈≈≈## ###
#..........§~~≈§≈#
#..........§~§§§≈#
#........§§§~§§≈≈#


You could see a hobgoblin.

Vanquished Creatures
  A ball python (D:1)
  A frilled lizard (D:1)
  A goblin (D:1)
3 creatures vanquished.

Notes
Turn   | Place    | Note
-------+----------+-------------------------------------------
     0 | D:1      | Jase the Formicid Hexslinger began the quest for the Orb.
     0 | D:1      | Reached XP level 1. HP: 15/15 MP: 2/2
    48 | D:1      | Slain by a hobgoblin

Illustrated notes

Levels and vault maps discovered:
D:1:      tekkud_arrival_beachfront_property, layout_loops_ring,
          minmay_door_square

Action                   || total
-------------------------++-------
 Fire: Sling             ||    14
Armor: Robe              ||     3
Dodge: Dodged            ||     2

Table legend: (Time is in decaauts)
 A = Elapsed time spent in this place.
 B = Non-inter-level travel time spent in this place.
 C = Inter-level travel time spent in this place.
 D = Time resting spent in this place.
 E = Time spent auto-exploring this place.
 F = Levels seen in this place.
 G = Mean time per level.
                   A        B        C        D        E       F      G
               +--------+--------+--------+--------+--------+-----+--------+
         Total |     51 |     51 |      0 |      0 |     27 |   1 |   51.0 |
       Dungeon |     51 |     51 |      0 |      0 |     27 |   1 |   51.0 |
               +--------+--------+--------+--------+--------+-----+--------+

Top non-repeatable levels by time:
     D:1: 51 daAuts
